 Dungeon Crawl Stone Soup version 0.26-a0-1040-gbe3abf3417 (webtiles) character file.

Game seed: 928506991034995074

110351 Dracia the Peltast (level 16, -4/143 HPs)
             Began as a Minotaur Fighter on Dec 11, 2020.
             Was the Champion of Okawaru.
             Killed by angry trees
             ... awakened by a spriggan druid
              (10 damage)
             ... on level 4 of the Swamp.
             The game lasted 01:05:53 (25303 turns).

Dracia the Peltast (Minotaur Fighter)              Turns: 25303, Time: 01:05:55

Health: -4/143     AC: 31    Str: 30    XL:     16   Next: 7%
Magic:  0/22       EV: 20    Int:  7    God:    Okawaru [******]
Gold:   1118       SH: 20    Dex: 21    Spells: 15/15 levels left

rFire    . . .     SeeInvis .   a - +7 demon blade of the Muttering Jester {vamp, Will+ Dex+3}
rCold    . . .     Faith    .   s - +2 kite shield
rNeg     + + +     Spirit   +   G - +4 chain mail "Wokepp" {rN+ Will+}
rPois    +         Reflect  .   J - +2 hat of the Bear Spirit {Spirit, +Rage rN+ Will++}
rElec    +         Harm     .   f - +4 cloak of New Discoveries {rElec Str+2}
rCorr    .         Rampage  .   P - +2 pair of gloves
Will     +++++     Clarity  +   V - +1 pair of boots
Stlth    ..........             (no amulet)
HPRegen  0.33/turn              M - ring of Wirov {rPois rN+ Dex+4 Slay-2}
MPRegen  0.18/turn              S - +6 ring of strength

@: heroism, grasped by roots, constricted
A: retaliatory headbutt, hooves 1, horns 2, blurry vision 1, clarity, sense
surroundings 1
a: Heroism, Finesse, Renounce Religion, Evoke Berserk Rage


You were on level 4 of the Swamp.
You worshipped Okawaru.
Okawaru was exalted by your worship.
You visited 5 branches of the dungeon, and saw 24 of its levels.
You also visited: Sewer.

You collected 1587 gold pieces.
You spent 469 gold pieces at shops.


Innate Abilities, Weirdness & Mutations

You reflexively headbutt those who attack you in melee.
You have a pair of horns on your head.
You have large cloven feet.
Scrolls take you a little longer to read.
You possess an exceptional clarity of mind.
You passively map a small area around you.


   Skills:
 - Level 13.1(18.1) Fighting
 - Level 14.0(19.0) Long Blades
 - Level 6.0(11.0) Bows
 + Level 10.2(15.2) Armour
 - Level 12.7(17.7) Dodging
 - Level 15.0(20.0) Shields
 - Level 10.0 Invocations
 - Level 10.5 Evocations


You had 15 spell levels left.
You didn't know any spells.
Your spell library contained the following spells:

 Spells                   Type           Power        Failure   Level
 Animate Skeleton         Necr           #.....       83%         1
 Apportation              Tloc           #.....       83%         1
 Corona                   Hex            #......      83%         1
 Magic Dart               Conj           #...         83%         1
 Shock                    Conj/Air       #...         83%         1
 Summon Small Mammal      Summ           #...         83%         1
 Blink                    Tloc           N/A          92%         2
 Call Imp                 Summ           #.......     92%         2
 Slow                     Hex            #.......     92%         2
 Swiftness                Air            #.......     92%         2
 Conjure Flame            Conj/Fire      #.......     99%         3
 Mephitic Cloud           Conj/Pois/Air  #.......     99%         3
 Static Discharge         Conj/Air       #.......     99%         3
 Airstrike                Air            #.........   100%        4
 Lightning Bolt           Conj/Air       #.........   100%        5

Inventory:

Hand Weapons
 a - the +7 demon blade of the Muttering Jester (weapon) {vamp, Will+ Dex+3}
   (Okawaru gifted it to you on level 11 of the Dungeon)

   It inflicts no extra harm, but heals its wielder when it wounds a living foe.
   It affects your dexterity (+3).
   It affects your willpower, your defense against some magical effects.
 b - a +3 longbow of flaming
 T - a +2 double sword of flaming
Missiles
 j - a throwing net {=f=f}
 Y - 44 arrows
Armour
 f - the +4 cloak of New Discoveries (worn) {rElec Str+2}
   (You found it on level 9 of the Dungeon)

   It affects your strength (+2).
   It insulates you from electricity.
 s - a +2 kite shield (worn)
 G - the +4 chain mail "Wokepp" (worn) {rN+ Will+}
   (You found it on level 5 of the Lair of Beasts)

   It protects you from negative energy.
   It affects your willpower, your defense against some magical effects.
 J - the +2 hat of the Bear Spirit (worn) {Spirit, +Rage rN+ Will++}
   (You bought it in a shop on level 7 of the Dungeon)

   It protects you from negative energy.
   It affects your willpower, your defense against some magical effects.
   It lets you go berserk.
 P - a +2 pair of gloves (worn)
 V - a +1 pair of boots (worn)
Magical Staves
 n - an uncursed staff of poison {!a!a, unknown}
 D - an uncursed staff of conjuration {!a!a, unknown}
Jewellery
 v - an uncursed ring of see invisible
 H - a +6 ring of strength
 M - the ring of Wirov (left hand) {rPois rN+ Dex+4 Slay-2}
   (You took it off a necromancer on level 11 of the Dungeon)

   [ring of positive energy]

   It affects your dexterity (+4).
   It affects your accuracy and damage with ranged weapons and melee attacks
   (-2).
   It protects you from poison.
   It protects you from negative energy.
 S - a +6 ring of strength (right hand)
Wands
 e - a wand of disintegration (31)
 r - a wand of acid (13)
 z - a wand of polymorph (14)
 A - a wand of enslavement (11)
 C - a wand of iceblast (7)
 I - a wand of paralysis (7)
 N - a wand of digging (6)
 O - a wand of flame (54)
 R - a wand of random effects (15)
Scrolls
 c - 20 scrolls of teleportation {@r4@r4}
 k - 6 scrolls of remove curse {@r2@r2}
 m - 11 scrolls of identify {@r1@r1}
 o - 4 scrolls of fear
 y - a scroll of summoning
 B - 4 scrolls of fog
 E - 3 scrolls of blinking
 K - 4 scrolls of magic mapping
 L - 3 scrolls of enchant armour
 W - 5 scrolls of amnesia
Potions
 d - 4 potions of might
 g - 4 potions of flight
 i - 2 potions of heal wounds {@q2@q2}
 l - a potion of invisibility
 p - 5 potions of brilliance
 q - 10 potions of curing {@q1@q1}
 t - 6 potions of ambrosia
 u - 2 potions of mutation
 w - 3 potions of cancellation
 x - 4 potions of attraction
 F - a potion of berserk rage {!q!q}
 U - 3 potions of haste {@q3@q3}
Miscellaneous
 h - a phantom mirror
 Q - a box of beasts

Dungeon Overview and Level Annotations

Branches:
Dungeon (12/15)            Temple (1/1) D:4            Lair (6/6) D:11
  Swamp (4/4) Lair:2       Spider (1/4) Lair:3        Slime (0/5) Lair:5
  Sewer (visited)
    Orc: D:9-12

Altars:
Ashenzari
Cheibriados
Dithmenos
Elyvilon
Fedhas
Gozag
Hepliaklqana
Kikubaaqudgha
Makhleb
Nemelex Xobeh
Okawaru
Qazlal
Ru
Sif Muna
Trog
Uskayaw
Vehumet
Wu Jian
Xom
Yredelemnul
Zin
The Shining One
Beogh

Shops:
D:7 *([*   D:10 ?

Annotations:
D:6 2 transporters, exclusion: statue, rigao's ghost, novice OpTm
D:9 1 runed translucent door
D:11 1 runed translucent door
Lair:5 exclusion: 2 oklob plants
Swamp:1 3 runed translucent doors, Megustar's ghost, adept GrBe; mkm's ghost, adept MiBe

♣♣♣♣♣ .≈ * , , ,,
*#♣.≈..♣,≈≈≈
♣≈≈≈♣♣,♣≈♣# , , ,
#≈.≈.♣♣≈≈≈. .≈≈≈≈♣
♣≈≈♣* ,,,, #♣≈..≈≈†≈≈..
..≈≈.♣♣♣♣.♣# ** ,,
#♣≈.≈....$≈♣♣
♣≈..≈≈≈♣...♣# *
*#♣≈.♣♣♣≈♣≈♣♣≈≈
≈≈≈..≈≈≈.≈≈§♣♣# #♣.§♣♣
♣♣♣♣♣ §
♣§.....≈≈≈≈...♣♣##♣f.♣♣
♣♣≈.≈♣♣.♣.♣♣♣≈≈≈♣xDD♣♣
♣♣♣♣♣♣♣♣♣♣ ♣♣♣[@i♣♣♣
♣♣♣♣♣


You could see a shambling mangrove, a bunyip, a five-headed hydra, a swamp
dragon and a spriggan druid.


Message History

You block the bunyip's attack. The bunyip claws you!!
* * * LOW HITPOINT WARNING * * *
You block the bunyip's attack.
Unknown command.
You feel much better. A tree reaches out and hits you!
* * * LOW HITPOINT WARNING * * *
You block the spriggan druid's attack.
Unknown command.
Unknown command.
Unknown command.
You feel much better. A root smacks you from below!
* * * LOW HITPOINT WARNING * * *
Roots burst forth from the earth!
The grasping roots grab you!
* * * LOW HITPOINT WARNING * * *
The grasping roots constrict you.
The spriggan druid points at you and mumbles some strange words.
You block the stone arrow.
Really read with blurry vision while enemies are nearby? [Y]es or [N]o only, please.
Really read with blurry vision while enemies are nearby? [Y]es or [N]o only, please.
Really read with blurry vision while enemies are nearby?
A root lunges up near you. You block the bunyip's attack.
The bunyip claws you!!
* * * LOW HITPOINT WARNING * * *
The bunyip closely misses you. The spriggan druid misses you.
You furiously retaliate!
You headbutt the spriggan druid. A root smacks you from below!
You die...

Skill      XL: |  1  2  3  4  5  6  7  8  9 10 11 12 13 14 15 16 |
---------------+-------------------------------------------------+-----
Fighting       | 4 5 7 11 13 | 13.1
Long Blades    | 3 4 5 7 8 11 13 14 | 14.0
Shields        | 4 5 7 8 10 12 14 15 | 15.0
Invocations    | 4 7 10 | 10.0
Evocations     | 1 5 8 10 | 10.5
Dodging        | 7 11 12 | 12.7
Bows           | 6 |  6.0
Armour         | 9 10 | 10.2

Action                   |  1- 3 |  4- 6 |  7- 9 | 10-12 | 13-15 | 16-18 || total
-------------------------+-------+-------+-------+-------+-------+-------++-------
Melee: Long sword        |    91 |   206 |   413 |   554 |       |       ||  1264
       Headbutt          |    10 |    23 |    70 |   181 |   444 |    15 ||   743
       Kick              |       |       |     3 |       |       |       ||     3
       Demon blade       |       |       |       |   252 |  1251 |    26 ||  1529
       Double sword      |       |       |       |       |    80 |    14 ||    94
Invok: Heroism           |       |       |       |     6 |     9 |     1 ||    16
       Finesse           |       |       |       |       |     1 |       ||     1
 Abil: Evoke Berserk Rag |       |       |       |     3 |     1 |       ||     4
Evoke: Wand              |       |       |       |     1 |       |       ||     1
  Use: Scroll            |       |     2 |     7 |    11 |    10 |       ||    30
       Potion            |       |     5 |     9 |     4 |     6 |     3 ||    27
 Stab: Invisible         |       |     1 |       |     3 |     3 |       ||     7
       Petrified         |       |       |       |     1 |       |       ||     1
Armor: Scale mail        |    57 |   107 |    11 |       |       |       ||   175
       Skin              |       |    41 |       |       |       |       ||    41
       Chain mail        |       |       |   102 |       |   262 |    47 ||   411
       Plate armour      |       |       |    46 |   184 |    66 |       ||   296
Dodge: Dodged            |    22 |    67 |    91 |    91 |   419 |    80 ||   770
Block: Kite shield       |    56 |   134 |   199 |   374 |   912 |    90 ||  1765
       Rpst.: Long sword |     4 |    16 |    21 |    10 |       |       ||    51
       Demon blade       |       |       |       |    10 |    92 |     1 ||   103
       Double sword      |       |       |       |       |     8 |     2 ||    10

Levels and vault maps discovered:
D:1:      denvon_arrival_hothouse, layout_basic
D:2:      layout_basic, minmay_puff
D:3:      layout_basic, portal_sewer_entry_a
D:4:      layout_cave_pools, minmay_temple_entry_overgrown, lemuel_tele_altar,
          uniq_blork_the_orc, uniq_sigmund
D:5:      layout_loops_ring
D:6:      layout_basic, vehumet_statue, gammafunk_ghost_arena
D:7:      layout_rooms, grunt_temple_overflow_open, serial_shops, shop,
          nicolae_shop_waterfront, nicolae_shop_crystal, shop,
          okawaru_gym_becter
D:8:      layout_rooms, minmay_fractal_squares_diagonal_5
D:9:      layout_basic, basic_altar, special_room [special_room_orc],
          minivault_13, uniq_psyche, uniq_grum
D:10:     layout_loops_ring, serial_shops, shop_fountains, uniq_maggie
D:11:     layout_loops_ring, david_lair_shrubbed, special_room
          [special_room_orc], muffindrake_ghost_dual_entry
D:12:     layout_stronghold, erik_orc_1, fountainhead, uniq_jorgrun
Temple:   nicolae_temple_no_exploring_needed
Lair:1:   layout_gridlike
Lair:2:   layout_cave_pods, minmay_swamp_entry_worms, basic_altar,
          serial_bayou_shore_a
Lair:3:   layout_concentric_octagons, nicolae_spider_entry_non_spiders,
          grunt_forest_stairs_basic
Lair:4:   layout_misc_corridors
Lair:5:   regret_index_harrowing_hell_hive, layout_regular_city,
          nicolae_slime_entry_slimehenge
Lair:6:   minmay_lair_end_frog_pond, layout_loops_ring, basic_altar,
          uniq_nessos, uniq_urug
Swamp:1:  cheibrodos_swamp_monstrosity, layout_basic_swamp,
          gammafunk_ghost_cemetery, portal_ice_cave_entry_ice_statue_one,
          evilmike_swamp_ruin_house_2, swamp_pool3, uniq_aizul
Swamp:2:  layout_basic_swamp, nicolae_swamp_dense_foliage,
          infiniplex_staircase_pool_2, uniq_frances
Swamp:3:  layout_basic_swamp, hangedman_swamp_blocks, swamp_pool1
Swamp:4:  swamp, layout_basic_swamp, infiniplex_staircase_pool
Spider:1: layout_spider_delve

Notes
Turn   | Place    | Note
-------+----------+-------------------------------------------
     0 | D:1      | Dracia the Minotaur Fighter began the quest for the Orb.
     0 | D:1      | Reached XP level 1. HP: 19/19 MP: 0/0
   220 | D:1      | Reached skill level 4 in Fighting
   220 | D:1      | Reached skill level 3 in Long Blades
   220 | D:1      | Reached XP level 2. HP: 27/27 MP: 1/1
  1081 | D:2      | Reached XP level 3. HP: 33/34 MP: 2/2
  1417 | D:2      | Reached skill level 4 in Shields
  1586 | D:2      | Reached XP level 4. HP: 41/41 MP: 3/3
  1620 | D:2      | Reached skill level 4 in Long Blades
  1902 | D:2      | Reached skill level 5 in Fighting
  2625 | D:3      | Reached XP level 5. HP: 40/48 MP: 4/4
  2712 | D:3      | Reached skill level 5 in Long Blades
  2744 | D:3      | Found a glowing drain.
  2757 | Sewer    | Entered a sewer
  2959 | Sewer    | Reached skill level 5 in Shields
  3284 | Sewer    | Reached XP level 6. HP: 56/56 MP: 5/5
  3361 | Sewer    | Reached skill level 6 in Long Blades
  3509 | Sewer    | Reached skill level 7 in Long Blades
  3511 | Sewer    | Reached XP level 7. HP: 57/61 MP: 6/6
  4302 | D:3      | Reached skill level 6 in Shields
  4720 | D:4      | Found a staircase to the Ecumenical Temple.
  4741 | Temple   | Entered the Ecumenical Temple
  4785 | D:4      | Noticed Sigmund
  4794 | D:4      | Killed Sigmund
  5021 | D:4      | Reached skill level 8 in Long Blades
  5411 | D:4      | Found a snail-covered altar of Cheibriados.
  5421 | D:4      | Noticed Blork the orc
  5430 | D:4      | Killed Blork the orc
  5431 | D:4      | Reached skill level 7 in Shields
  5474 | D:4      | Reached XP level 8. HP: 68/68 MP: 7/7
  5638 | D:5      | Entered Level 5 of the Dungeon
  5707 | D:5      | Reached skill level 9 in Long Blades
  6564 | D:6      | Reached skill level 10 in Long Blades
  6632 | D:6      | Noticed a white ugly thing
  6634 | D:6      | Noticed an ogre mage
  6636 | D:6      | Noticed rigao's ghost (novice OpTm)
  6682 | D:6      | Reached skill level 8 in Shields
  6873 | D:6      | Found a radiant altar of Vehumet.
  6972 | D:6      | Found a transporter.
  6976 | D:6      | Found a transporter.
  7185 | D:7      | Found Nempuv's Weapon Boutique.
  7208 | D:7      | Gained mutation: You are clumsy. (Dex -2) [potion of
                  | mutation]
  7208 | D:7      | Gained mutation: You are very clumsy. (Dex -4) [potion of
                  | mutation]
  7208 | D:7      | Gained mutation: You have large cloven feet. [potion of
                  | mutation]
  7413 | D:7      | Noticed a gargoyle
  7432 | D:7      | Killed a gargoyle
  7433 | D:7      | Reached skill level 11 in Long Blades
  7433 | D:7      | Reached XP level 9. HP: 45/74 MP: 8/8
  7565 | D:7      | Found Keus's Armour Boutique.
  7582 | D:7      | Found an iron altar of Okawaru.
  7595 | D:7      | Found Pumpotomar's General Store.
  7691 | D:7      | Became a worshipper of Warmaster Okawaru
  7700 | D:7      | Found an opulent altar of Gozag.
  7701 | D:7      | Found an iron altar of Okawaru.
  7707 | D:7      | Found a sparkling altar of Nemelex Xobeh.
  7709 | D:7      | Found a glowing golden altar of the Shining One.
  7710 | D:7      | Found an ornate altar of the Wu Jian Council.
  7713 | D:7      | Found a white marble altar of Elyvilon.
  7756 | D:7      | Found Quhikk's Assorted Antiques.
  8395 | D:8      | Reached skill level 9 in Shields
  8715 | D:8      | Reached skill level 12 in Long Blades
  8737 | D:8      | Reached * piety under Okawaru
  8921 | D:8      | Noticed a two-headed ogre
  8929 | D:8      | Killed a two-headed ogre
  8930 | D:8      | Reached skill level 13 in Long Blades
  8930 | D:8      | Reached skill level 10 in Shields
  9431 | D:7      | Bought the +2 hat of the Bear Spirit {Spirit, +Rage rN+
                  | Will++} for 469 gold pieces
  9431 | D:7      | Found the +2 hat of the Bear Spirit {Spirit, +Rage rN+
                  | Will++}
  9472 | D:9      | Reached ** piety under Okawaru
  9477 | D:9      | Reached XP level 10. HP: 80/81 MP: 7/9
  9669 | D:9      | Noticed a two-headed ogre
  9699 | D:9      | Killed a two-headed ogre
 10139 | D:9      | Found a runed translucent door.
 10139 | D:9      | Noticed a boulder beetle
 10173 | D:9      | Killed a boulder beetle
 10173 | D:9      | Reached *** piety under Okawaru
 10174 | D:9      | Reached skill level 14 in Long Blades
 10174 | D:9      | Reached skill level 11 in Shields
 10408 | D:9      | Found a snail-covered altar of Cheibriados.
 10470 | D:9      | Noticed Grum
 10492 | D:9      | Killed Grum
 10493 | D:9      | Reached skill level 1 in Invocations
 10521 | D:9      | Reached skill level 2 in Invocations
 10871 | D:9      | Reached skill level 12 in Shields
 10987 | D:9      | Reached skill level 3 in Invocations
 11201 | D:9      | Noticed Psyche
 11242 | D:9      | Killed Psyche
 11242 | D:9      | Reached **** piety under Okawaru
 11730 | D:9      | Got a scorched cloak
 11733 | D:9      | Identified the +4 cloak of New Discoveries {rElec Str+2}
                  | (You found it on level 9 of the Dungeon)
 11915 | D:9      | Noticed an ettin
 11915 | D:9      | Noticed a centaur warrior
 11938 | D:10     | Entered Level 10 of the Dungeon
 11981 | D:10     | Reached skill level 4 in Invocations
 12039 | D:10     | Noticed a two-headed ogre
 12049 | D:10     | Killed a two-headed ogre
 12050 | D:10     | Reached skill level 1 in Evocations
 12197 | D:10     | Reached XP level 11. HP: 86/86 MP: 13/13
 12337 | D:10     | Got a transparent flail
 12338 | D:10     | Identified the +10 flail of the Head {freeze, Dex+5} (You
                  | found it on level 10 of the Dungeon)
 12376 | D:10     | Found Joogralyif's Magic Scroll Shoppe.
 12390 | D:10     | Reached skill level 2 in Evocations
 12398 | D:10     | Reached skill level 5 in Invocations
 12627 | D:10     | Noticed Maggie
 12641 | D:10     | Killed Maggie
 12913 | D:11     | Reached skill level 13 in Shields
 12965 | D:11     | Reached skill level 3 in Evocations
 13146 | D:11     | Reached ***** piety under Okawaru
 13181 | D:11     | Reached skill level 6 in Invocations
 13446 | D:11     | Found a staircase to the Lair.
 13482 | D:11     | Reached skill level 4 in Evocations
 14029 | D:11     | Noticed a two-headed ogre
 14046 | D:11     | Killed a two-headed ogre
 14193 | D:11     | Noticed a death knight
 14214 | D:11     | Killed a death knight
 14214 | D:11     | Received a gift from Okawaru
 14215 | D:11     | Reached skill level 7 in Invocations
 14215 | D:11     | Reached skill level 5 in Evocations
 14219 | D:11     | Got a jewelled demon blade {god gift}
 14220 | D:11     | Identified the +7 demon blade of the Muttering Jester
                  | {vamp, Will+ Dex+3} (Okawaru gifted it to you on level 11
                  | of the Dungeon)
 14312 | D:11     | Found a runed translucent door.
 14316 | D:11     | Noticed an ettin
 14316 | D:11     | Noticed a skeletal warrior
 14317 | D:11     | Noticed a deep troll earth mage
 14318 | D:11     | Noticed a skeletal warrior
 14318 | D:11     | Noticed a lich
 14318 | D:11     | Noticed a necromancer
 14319 | D:11     | Noticed a centaur warrior
 14319 | D:11     | Noticed kae's ghost (journeyman TeAE)
 14322 | D:11     | Found a runed translucent door.
 14323 | D:11     | Noticed a skeletal warrior
 14336 | D:11     | Killed a skeletal warrior
 14337 | D:11     | Reached skill level 14 in Shields
 14351 | D:11     | Killed a lich
 14352 | D:11     | Reached XP level 12. HP: 94/94 MP: 12/16
 14352 | D:11     | Killed a deep troll earth mage
 14353 | D:11     | Reached skill level 6 in Evocations
 14386 | D:11     | Reached skill level 8 in Invocations
 14421 | D:11     | Killed kae's ghost
 14421 | D:11     | Reached ****** piety under Okawaru
 14591 | D:11     | Killed an ettin
 14616 | D:11     | Killed a centaur warrior
 14732 | D:11     | Identified the ring of Wirov {rPois rN+ Dex+4 Slay-2}
 14742 | D:11     | Received a gift from Okawaru
 14749 | D:11     | Reached skill level 7 in Evocations
 15126 | Lair:1   | Entered Level 1 of the Lair of Beasts
 15142 | Lair:1   | Reached skill level 15 in Shields
 15146 | Lair:1   | Reached skill level 9 in Invocations
 15196 | Lair:1   | You fall into a shaft and drop 1 floor!
 15293 | Lair:2   | You fall into a shaft and drop 1 floor!
 15424 | Lair:3   | Noticed a catoblepas
 15447 | Lair:3   | Killed a catoblepas
 15510 | Lair:3   | Found a hole to the Spider Nest.
 15687 | Lair:3   | Reached skill level 8 in Evocations
 16092 | Lair:2   | Received a gift from Okawaru
 16097 | Lair:2   | Reached skill level 10 in Invocations
 16097 | Lair:2   | Reached XP level 13. HP: 100/100 MP: 16/19
 16486 | Lair:2   | Found a shadowy altar of Dithmenos.
 16734 | Lair:2   | Found a staircase to the Swamp.
 17237 | Lair:1   | Reached skill level 9 in Evocations
 17388 | Lair:1   | Reached skill level 1 in Dodging
 17403 | Lair:1   | Reached skill level 2 in Dodging
 17547 | Lair:1   | Reached skill level 3 in Dodging
 18008 | D:11     | Found a roughly hewn altar of Beogh.
 18081 | D:11     | Reached skill level 4 in Dodging
 18245 | D:9      | Lost mutation: You are very clumsy. (Dex -4) [potion of
                  | mutation]
 18245 | D:9      | Lost mutation: You are clumsy. (Dex -2) [potion of
                  | mutation]
 18245 | D:9      | Gained mutation: You possess an exceptional clarity of
                  | mind. [potion of mutation]
 18245 | D:9      | Gained mutation: Scrolls take you a little longer to read.
                  | [potion of mutation]
 18245 | D:9      | Gained mutation: You passively map a small area around you.
                  | [potion of mutation]
 18384 | Lair:4   | Reached skill level 10 in Evocations
 18575 | Lair:4   | Reached skill level 5 in Dodging
 18840 | Lair:4   | Received a gift from Okawaru
 19061 | Lair:5   | Got a distressingly furry chain mail
 19067 | Lair:5   | Identified the +4 chain mail "Wokepp" {rN+ Will+} (You
                  | found it on level 5 of the Lair of Beasts)
 19108 | Lair:5   | Reached skill level 6 in Dodging
 19286 | Lair:5   | Found a staircase to the Slime Pits.
 19296 | Lair:5   | Reached skill level 6 in Fighting
 19325 | Lair:5   | Reached skill level 7 in Dodging
 19671 | Lair:5   | Reached skill level 7 in Fighting
 19774 | Lair:5   | Received a gift from Okawaru
 19775 | Lair:5   | Reached XP level 14. HP: 113/113 MP: 20/20
 19813 | Lair:5   | Reached skill level 8 in Dodging
 20209 | Lair:6   | Entered Level 6 of the Lair of Beasts
 20292 | Lair:6   | Reached skill level 8 in Fighting
 20368 | Lair:6   | Reached skill level 9 in Dodging
 20432 | Lair:6   | Reached skill level 9 in Fighting
 20510 | Lair:6   | Received a gift from Okawaru
 20514 | Lair:6   | Noticed Urug
 20537 | Lair:6   | Killed Urug
 20573 | Lair:6   | Noticed Nessos
 20574 | Lair:6   | Reached skill level 10 in Dodging
 20580 | Lair:6   | Reached skill level 10 in Fighting
 20599 | Lair:6   | Received a gift from Okawaru
 20614 | Lair:6   | Killed Nessos
 20711 | Lair:6   | Found a sparkling altar of Nemelex Xobeh.
 20862 | Lair:6   | Reached skill level 11 in Fighting
 20869 | Lair:6   | Reached skill level 11 in Dodging
 21050 | Lair:6   | Received a gift from Okawaru
 21474 | D:12     | Noticed Jorgrun
 21485 | D:12     | Killed Jorgrun
 21623 | Swamp:1  | Entered Level 1 of the Swamp
 21661 | Swamp:1  | Reached XP level 15. HP: 84/132 MP: 10/21
 21701 | Swamp:1  | Reached skill level 12 in Fighting
 21915 | Spider:1 | Entered Level 1 of the Spider Nest
 21961 | Spider:1 | Reached skill level 12 in Dodging
 22090 | Swamp:1  | Received a gift from Okawaru
 22091 | Swamp:1  | Noticed a thorn hunter
 22092 | Swamp:1  | Noticed Aizul
 22096 | Swamp:1  | Got a pair of bloodstained gloves {god gift}
 22111 | Swamp:1  | Killed Aizul
 22121 | Swamp:1  | Noticed a tentacled monstrosity
 22123 | Swamp:1  | Killed a thorn hunter
 22135 | Swamp:1  | Killed a tentacled monstrosity
 22147 | Swamp:1  | Reached skill level 13 in Fighting
 22192 | Swamp:1  | Found a frozen archway.
 22600 | Swamp:1  | Identified the -5 pair of gloves of Going Fast {+Blink rF+
                  | rCorr} (Okawaru gifted it to you on level 1 of the Swamp)
 22695 | Swamp:1  | Identified a potion of resistance
 22789 | Swamp:1  | Found a runed translucent gate.
 22789 | Swamp:1  | Found a runed translucent gate.
 22789 | Swamp:1  | Found a runed translucent gate.
 22792 | Swamp:1  | Noticed mkm's ghost (adept MiBe)
 22793 | Swamp:1  | Noticed Megustar's ghost (adept GrBe)
 23051 | Swamp:2  | Noticed a thorn hunter
 23069 | Swamp:2  | Killed a thorn hunter
 23070 | Swamp:2  | Reached skill level 1 in Bows
 23070 | Swamp:2  | Reached skill level 4 in Armour
 23295 | Swamp:2  | Reached skill level 2 in Bows
 23387 | Swamp:2  | Reached skill level 3 in Bows
 23387 | Swamp:2  | Reached skill level 5 in Armour
 23475 | Swamp:2  | Noticed Frances
 23496 | Swamp:2  | Killed Frances
 23497 | Swamp:2  | Reached skill level 4 in Bows
 23497 | Swamp:2  | Reached skill level 6 in Armour
 24083 | Swamp:3  | Reached skill level 5 in Bows
 24088 | Swamp:3  | Reached skill level 7 in Armour
 24098 | Swamp:3  | Received a gift from Okawaru
 24271 | Swamp:3  | Noticed a thorn hunter
 24278 | Swamp:3  | Killed a thorn hunter
 24326 | Swamp:3  | Reached skill level 6 in Bows
 24581 | Swamp:3  | Noticed a fenstrider witch
 24590 | Swamp:3  | Reached skill level 8 in Armour
 24601 | Swamp:3  | Killed a fenstrider witch
 24754 | Swamp:3  | Reached skill level 9 in Armour
 24852 | Swamp:3  | Reached XP level 16. HP: 133/143 MP: 15/22
 25210 | Swamp:4  | Entered Level 4 of the Swamp
 25285 | Swamp:4  | Reached skill level 10 in Armour
 25299 | Swamp:4  | HP: 14/143 [bunyip (19)]
 25302 | Swamp:4  | HP: 6/143 [bunyip (24)]
 25303 | Swamp:4  | Killed from afar by a spriggan druid

Vanquished Creatures
  A tentacled monstrosity (Swamp:1)
  A lich (D:11)
  Jorgrun (D:12)
  Frances (Swamp:2)
  3 thorn hunters
  A fenstrider witch (Swamp:3)
  Aizul (Swamp:1)
  Nessos (Lair:6)
  2 bunyips (Swamp:3)
  4 eleionomae
  An ettin (D:11)
  The ghost of kae the Zephyrmancer, a journeyman TeAE of Vehumet (D:11)
  2 boulder beetles
  8 hydras
  A centaur warrior (D:11)
  3 ghost crabs
  A catoblepas (Lair:3)
  4 two-headed ogres
  A death knight (D:11)
  12 alligators
  6 death yaks (Lair:6)
  Urug (Lair:6)
  A deep troll earth mage (D:11)
  3 skeletal warriors (D:11)
  A goliath frog (Swamp:2)
  3 swamp dragons
  5 bog bodies
  A spriggan druid (Swamp:1)
  A necromancer (D:11)
  An orc knight (D:11)
  3 will-o-the-wisps
  A manticore (Lair:5)
  A wolf spider (Spider:1)
  A centaur zombie (D:11)
  6 black mambas
  9 elephants
  26 cane toads
  An ice statue (Swamp:1)
  Psyche (D:9)
  A gargoyle (D:7)
  A torpor snail (Lair:4)
  Maggie (D:10)
  4 rime drakes
  12 komodo dragons
  2 demonic crawlers
  4 polar bears
  2 meliai (Lair:5)
  4 trolls
  A bloated husk (Swamp:3)
  20 blink frogs
  5 hornets
  6 tyrant leeches
  18 dream sheep
  A shadow (D:11)
  A centaur simulacrum (D:11)
  6 redbacks (Spider:1)
  A tarantella (Spider:1)
  6 wyverns
  2 wraiths (D:11)
  56 yaks
  Sigmund (D:4)
  4 spriggans
  A vampire (D:11)
  Grum (D:9)
  6 vampire mosquitoes (Lair:6)
  A basilisk (Lair:5)
  10 swamp worms
  9 water moccasins
  A swamp drake (Swamp:3)
  9 orc warriors
  3 sky beasts
  An ice beast (D:10)
  A black bear (Lair:3)
  13 ogres
  7 wolves
  5 centaurs (D:11)
  6 big kobolds
  Blork the orc (D:4)
  36 bullfrogs
  6 scorpions
  31 killer bees
  2 electric eels
  2 howler monkeys
  A bullfrog zombie (D:6)
  A quasit (D:10)
  10 jellies
  A centaur skeleton (D:8)
  5 orc priests
  5 hounds
  5 orc wizards
  12 worker ants
  2 iguanas
  A killer bee zombie (D:9)
  A howler monkey zombie (D:9)
  A worker ant zombie (D:6)
  3 gnolls (D:8)
  16 adders
  7 river rats
  A howler monkey skeleton (D:5)
  A shadow imp (D:5)
  2 white imps
  An ufetubus (D:7)
  7 oozes
  An adder skeleton (D:6)
  3 worms
  3 dart slugs
  5 leopard geckos
  51 orcs
  10 ball pythons
  9 giant cockroaches
  12 goblins
  2 hobgoblins (D:1)
  18 jackals
  37 kobolds
  4 quokkas
  9 bats
  3 frilled lizards
  A giant cockroach zombie (D:5)
  29 rats
  A briar patch (Swamp:2)
714 creatures vanquished.

Vanquished Creatures (others)
  A will-o-the-wisp (Swamp:1)
  2 elephants (Lair:5)
  2 tyrant leeches (Swamp:1)
  2 bloated husks
  A swamp drake (Swamp:1)
  A bush (Lair:6)
  23 foxfires
  51 fungi
  98 plants
  3 withered plants (Swamp:1)
184 creatures vanquished.

Grand Total: 898 creatures vanquished

Table legend: (Time is in decaauts)
 A = Elapsed time spent in this place.
 B = Non-inter-level travel time spent in this place.
 C = Inter-level travel time spent in this place.
 D = Time resting spent in this place.
 E = Time spent auto-exploring this place.
 F = Levels seen in this place.
 G = Mean time per level.
                   A        B        C        D        E       F      G
               +--------+--------+--------+--------+--------+-----+--------+
         Total |  24839 |  22785 |   2054 |   3147 |  15206 |  25 |  993.6 |
       Dungeon |  14465 |  13233 |   1232 |   2155 |   8720 |  12 | 1205.4 |
        Temple |      1 |      1 |      0 |      0 |      0 |   1 |    1.0 |
          Lair |   5902 |   5189 |    713 |    193 |   3835 |   6 |  983.7 |
         Swamp |   3376 |   3268 |    108 |    796 |   1874 |   4 |  844.0 |
   Spider Nest |     73 |     73 |      0 |      3 |      5 |   1 |   73.0 |
         Sewer |   1020 |   1020 |      0 |      0 |    771 |   1 | 1020.0 |
               +--------+--------+--------+--------+--------+-----+--------+

Top non-repeatable levels by time:
    D:11: 2611 daAuts
     D:9: 2434 daAuts
     D:2: 1592 daAuts
  Lair:2: 1496 daAuts
     D:3: 1338 daAuts
     D:1: 1162 daAuts
 Swamp:3: 1152 daAuts
  Lair:5: 1120 daAuts
 Swamp:1: 1107 daAuts
 Swamp:2: 1034 daAuts
   Sewer: 1020 daAuts
     D:8: 1015 daAuts
  Lair:6: 955 daAuts
     D:4: 952 daAuts
    D:10: 894 daAuts

Table legend:
 A = Non-vault XP
 B = Vault XP
 C = Vault XP percentage of total XP
 D = Non-vault monster count
 E = Vault monster count
 F = Vault count percentage of total count
                 A         B        C        D         E       F
            +---------+---------+-------+---------+---------+-------
      Total |  103893 |   53752 |  34.1 |     469 |     249 |  34.7
            +---------+---------+-------+---------+---------+-------
        D:1 |      36 |       0 |   0.0 |      21 |       0 |   0.0
        D:2 |     120 |      16 |  11.8 |      33 |       3 |   8.3
        D:3 |     113 |      23 |  16.9 |      21 |       7 |  25.0
        D:4 |     376 |     299 |  44.3 |      22 |       2 |   8.3
        D:5 |     277 |       0 |   0.0 |      13 |       0 |   0.0
        D:6 |     478 |       0 |   0.0 |      13 |       0 |   0.0
        D:7 |     917 |       0 |   0.0 |      14 |       0 |   0.0
        D:8 |    1185 |    1056 |  47.1 |      24 |       7 |  22.6
        D:9 |    1977 |    2464 |  55.5 |      28 |      26 |  48.1
       D:10 |    2776 |     395 |  12.5 |      17 |       1 |   5.6
       D:11 |    7188 |   12587 |  63.7 |      44 |      34 |  43.6
       D:12 |       0 |    2841 | 100.0 |       0 |       1 | 100.0
     Lair:1 |    7451 |       0 |   0.0 |      31 |       0 |   0.0
     Lair:2 |    3614 |     413 |  10.3 |      14 |       2 |  12.5
     Lair:3 |    3633 |     613 |  14.4 |      12 |       8 |  40.0
     Lair:4 |    4899 |       0 |   0.0 |      13 |       0 |   0.0
     Lair:5 |    6855 |    6440 |  48.4 |      27 |      50 |  64.9
     Lair:6 |   16101 |   15018 |  48.3 |      46 |      52 |  53.1
    Swamp:1 |   12773 |    5360 |  29.6 |      25 |       3 |  10.7
    Swamp:2 |   12482 |    2236 |  15.2 |      18 |       1 |   5.3
    Swamp:3 |   17222 |       0 |   0.0 |      21 |       0 |   0.0
    Swamp:4 |     671 |    3536 |  84.1 |       1 |       4 |  80.0
   Spider:1 |    2749 |       0 |   0.0 |      11 |       0 |   0.0
      Sewer |       0 |     455 | 100.0 |       0 |      48 | 100.0
            +---------+---------+-------+---------+---------+-------
